Map: Buried Caverns

Players

CryptoGrandp

  • Race: Terran Terran
  • Spawn Location: 9:00

theonerichy

  • Race: Terran Terran
  • Spawn Location: 9:00

ItMorbinTime

  • Race: Terran Terran
  • Spawn Location: 7:00

Alebay - Winner!

  • Race: Protoss Protoss
  • Spawn Location: 3:00

MattBarry - Winner!

  • Race: Terran Terran
  • League: Gold
  • Spawn Location: 5:00

MattBarry - Winner!

  • Race: Zerg Zerg
  • League: Gold
  • Spawn Location: 3:00

VOD

Have the link to the VOD?

Description

Time

  • Played on: Jan. 24, 2023, 2:14 a.m.
  • Length: 41:04
Show
View Real Time Build Order
Export as new Build Order

CryptoGrandp Terran 

Build Orders:  

Get SALT Encoding   

  12  0:00  SCV  
  13  0:13  SCV  
  14  0:21  Supply Depot  
  14  0:25  SCV  
  15  0:42  Refinery  
  15  0:43  SCV  
  16  0:55  SCV  
  17  0:57  Barracks  
  17  1:03  Refinery  
  17  1:07  SCV  
  18  1:19  SCV  
  19  1:34  SCV  
  20  1:51  Orbital Command  
  20  1:57  Command Center  
  20  2:17  Factory  
  20  2:18  SCV  
  21  2:30  SCV  
  21  2:36  Marine  
  23  2:45  SCV  
  22  3:02  Starport  
  22  3:03  Factory Tech Lab  
  22  3:04  SCV  
  22  3:13  Marine  
  23  3:26  Supply Depot  
  23  3:31  Marine, SCV  
  25  3:36  SCV  
  26  3:44  Starport  
  26  3:45  SCV  
  26  3:47  Raven  
  29  3:49  Marine  
  30  4:07  SCV  
  31  4:15  Starport, Orbital Command  
  31  4:19  SCV  
  31  4:21  Starport Tech Lab, Raven  
  34  4:24  Engineering Bay  
  34  4:31  SCV  
  35  4:40  Raven  
  35  4:43  Supply Depot, SCV  
  35  4:44  SCV  
  39  4:55  Raven  
  41  5:04  Starport Tech Lab  
  41  5:05  SCV x2  
  43  5:17  SCV x2  
  45  5:29  SCV  
  46  5:39  Raven x3  
  52  5:53  SCV  
  52  5:54  SCV  
  54  6:02  Hi-Sec Auto Tracking  
  54  6:16  Supply Depot  
  54  6:18  Supply Depot  
  54  6:19  Supply Depot  
  54  6:38  SCV x2, Raven x3  
  62  6:50  SCV  
  63  6:55  SCV  
  63  6:59  Supply Depot, Neosteel Armor  
  64  7:01  Supply Depot  
  64  7:02  Supply Depot, SCV  
  65  7:12  Raven x3  
  71  7:38  SCV x2  
  73  7:46  Raven x2  
  73  7:50  SCV x2  
  79  8:02  SCV  
  79  8:03  Raven  
  79  8:21  Raven x2  
  83  8:37  Raven  
  83  8:55  Raven x2  
  85  9:07  Refinery  
  85  9:09  Refinery  
  85  9:11  Raven  
  87  9:29  Raven  
  87  9:30  Raven  
  91  9:38  Armory  
  91  9:40  Armory  
  91  9:58  Raven  
  93  10:03  Raven  
  97  10:14  Raven  
  97  10:28  SCV x2  
  99  10:33  Raven  
  101  11:59  Raven  
  102  12:01  Raven  
  102  12:02  Raven  
  97  12:33  Raven  
  97  12:35  Liberator  
  97  12:36  Raven  
  102  12:52  Supply Depot  
  102  12:55  Supply Depot  
  102  12:56  Supply Depot  
  102  12:57  Supply Depot  
  102  12:58  Supply Depot  
  102  13:00  Supply Depot x2  
  102  13:02  Supply Depot  
  102  13:06  Supply Depot  
  102  13:14  Liberator x2  
  102  13:18  Liberator  
  93  13:56  Liberator x2  
  93  14:01  Liberator  
  76  14:21  Terran Ship Weapons Level 1, Terran Vehicle And Ship Armor Level 1  
  76  14:39  Liberator x2  
  76  14:43  Liberator  
  83  14:57  Fusion Core  
  83  15:22  Liberator x2  
  83  15:26  Liberator  
  83  15:27  Starport  
  92  15:33  Starport  
  92  15:36  Starport  
  92  15:37  Starport  
  92  16:05  Liberator x2  
  92  16:09  Liberator  
  101  16:15  Starport Tech Lab x3  
  101  16:17  Starport Tech Lab  
  94  16:46  Terran Vehicle And Ship Armor Level 2, Terran Ship Weapons Level 2  
  94  16:48  Liberator  
  103  16:54  Battlecruiser x6  
  115  17:50  Fusion Core  
  115  18:08  Liberator  
  115  18:09  Liberator x6  
  136  18:51  Raven  
  136  18:52  Raven x5  
  148  18:58  Raven  
  150  19:26  Raven x3  
  144  19:46  Raven x2  
  132  20:39  Liberator x6  
  150  20:44  Orbital Command  
  150  20:50  Liberator  
  153  20:59  Refinery  
  153  21:29  Liberator x4  
  97  22:23  Battlecruiser  
  41  23:07  Battlecruiser  
  16  25:01  Fusion Core  
  16  26:03  Factory  
  16  26:10  Factory  
  9  26:51  Factory  
Show
View Real Time Build Order
Export as new Build Order

theonerichy Terran 

Build Orders:  

Get SALT Encoding   

  12  0:01  SCV  
  13  0:13  SCV  
  14  0:25  Supply Depot, SCV  
  15  0:46  SCV  
  16  0:58  SCV  
  17  1:32  Refinery  
  17  1:33  Refinery  
  17  1:38  SCV  
  18  1:46  Barracks  
  18  1:50  Barracks  
  18  1:53  Supply Depot  
  18  2:06  SCV  
  19  2:18  SCV  
  20  2:30  SCV  
  21  2:47  Marine x2  
  23  3:06  Orbital Command  
  23  3:15  Command Center  
  23  3:17  Marine x2  
  25  3:38  SCV  
  26  3:51  SCV  
  27  4:04  Marine x2  
  27  4:05  SCV  
  30  4:27  Orbital Command  
  30  4:47  SCV  
  31  4:59  SCV  
  32  5:08  SCV  
  32  5:11  SCV  
  34  5:16  Command Center  
  34  5:18  Refinery  
  34  5:19  Refinery  
  34  5:20  SCV  
  35  5:23  SCV  
  36  5:56  SCV x2  
  38  6:08  SCV x2  
  40  7:00  SCV x2  
  42  7:12  SCV x2  
  44  7:24  SCV x2  
  46  7:35  Orbital Command  
  46  7:36  SCV  
  47  7:42  SCV  
  48  7:48  SCV  
  49  7:52  Command Center  
  49  7:54  Command Center  
  49  7:55  SCV  
  50  8:00  SCV  
  51  9:08  SCV x2  
  51  9:09  SCV  
  54  9:20  SCV  
  54  9:21  SCV x2  
  57  9:33  SCV x3  
  60  9:40  Command Center  
  60  9:41  Refinery  
  60  9:42  Refinery  
  60  9:45  SCV x3  
  63  9:48  Orbital Command  
  63  9:51  Orbital Command  
  63  9:57  SCV x3  
  66  10:09  SCV x2  
  69  10:28  SCV  
  69  10:30  SCV  
  69  10:31  SCV  
  69  10:34  Engineering Bay  
  71  10:42  SCV  
  72  10:43  SCV  
  73  10:54  SCV  
  73  10:55  SCV  
  75  11:06  SCV  
  75  11:07  SCV  
  77  11:15  Missile Turret  
  77  11:17  Missile Turret  
  77  11:18  SCV  
  77  11:19  Missile Turret, SCV  
  77  11:20  Missile Turret  
  77  11:22  Refinery  
  77  11:23  Missile Turret, Refinery  
  77  11:24  Missile Turret  
  79  11:27  Missile Turret  
  79  11:28  Missile Turret  
  79  11:32  SCV  
  80  11:37  Missile Turret  
  80  11:41  Missile Turret  
  80  11:44  SCV  
  78  12:28  SCV  
  79  12:40  SCV  
  80  12:47  Refinery  
  80  12:49  Refinery  
  80  12:52  SCV  
  81  13:04  SCV  
  82  13:16  SCV  
  83  13:29  SCV  
  84  14:23  SCV  
  85  14:35  SCV  
  86  14:47  SCV  
  87  14:59  SCV  
  88  15:11  SCV  
  89  15:23  SCV  
  90  15:34  Orbital Command  
  90  15:35  SCV  
  90  15:37  Refinery  
  90  15:38  SCV  
  92  15:48  SCV  
  90  15:50  SCV  
  75  16:00  Refinery  
  28  17:51  SCV  
  28  17:53  SCV  
  28  17:54  SCV  
  31  18:03  SCV  
  31  18:05  SCV  
  33  18:06  SCV  
  34  18:15  SCV  
  34  18:17  SCV  
  34  18:18  SCV  
  37  18:27  SCV  
  37  18:29  SCV  
  37  18:30  SCV  
  40  18:40  SCV  
  41  18:41  SCV  
  41  18:42  SCV  
  43  18:52  SCV  
  43  18:53  SCV  
  45  19:04  SCV  
  46  19:48  SCV  
  46  19:51  SCV  
  48  20:00  SCV  
  48  20:03  SCV  
  50  20:12  SCV  
  51  20:15  SCV  
  52  20:24  SCV  
  52  20:27  SCV  
  51  20:36  SCV  
  51  20:39  SCV  
  53  20:45  Refinery  
  53  20:48  SCV  
  54  20:50  Factory  
  54  21:00  SCV  
  55  21:05  Barracks  
  55  21:06  Barracks, Terran Infantry Weapons Level 1  
  55  21:08  Barracks  
  55  21:09  Barracks  
  55  21:11  Barracks  
  55  21:12  SCV  
  56  21:21  Barracks Tech Lab  
  56  21:22  Barracks Tech Lab  
  56  21:24  SCV  
  57  21:48  Barracks  
  57  21:49  Barracks  
  57  22:12  Barracks Tech Lab x2  
  57  22:13  Barracks Tech Lab x3  
  57  22:39  Engineering Bay  
  57  22:41  Marauder x2  
  57  22:42  Marauder x3  
  57  22:43  Marauder  
  57  23:15  SCV  
  57  23:16  SCV  
  48  23:27  SCV  
  48  23:28  SCV  
  50  23:39  SCV  
  50  23:40  SCV  
  52  23:51  SCV  
  52  23:52  SCV  
  53  24:03  SCV  
  53  24:04  SCV  
  55  24:25  SCV  
  51  24:38  SCV  
  24  25:07  Orbital Command  
  24  25:32  SCV  
  25  25:45  SCV  
Show
View Real Time Build Order
Export as new Build Order

ItMorbinTime Terran 

Build Orders: Reaper Expand 

Get SALT Encoding   

  12  0:04  SCV  
  13  0:20  SCV  
  14  0:30  Supply Depot  
  14  0:36  SCV  
  15  1:01  Command Center  
  15  1:13  Barracks  
  15  1:24  Refinery  
  15  1:25  Barracks  
  15  1:48  SCV  
  16  2:09  Command Center, Refinery  
  16  2:11  Orbital Command  
  16  2:16  Orbital Command  
  16  2:19  Refinery  
  16  2:29  Factory  
  16  2:44  Reaper  
  16  2:57  SCV x2  
  18  3:09  SCV x2  
  21  3:13  Hellion  
  19  3:21  SCV  
  20  3:33  SCV x2  
  21  3:41  Orbital Command  
  20  3:45  SCV, Factory Tech Lab  
  20  3:46  SCV  
  22  3:50  Barracks Reactor  
  22  3:52  Starport  
  22  3:57  SCV  
  22  3:58  SCV  
  24  4:05  Siege Tank  
  24  4:07  SCV  
  29  4:10  SCV x2  
  29  4:12  Engineering Bay  
  30  4:19  SCV  
  30  4:22  SCV x2  
  33  4:26  Marine  
  33  4:31  SCV  
  35  4:34  SCV x2  
  35  4:36  Fusion Core  
  35  4:37  Command Center  
  37  4:43  SCV  
  38  4:46  SCV x2  
  38  4:50  Hyperflight Rotors, Starport Tech Lab  
  40  4:55  Starport, SCV, Siege Tank  
  40  4:56  Starport  
  40  4:58  SCV x2  
  46  5:07  SCV  
  46  5:09  Missile Turret  
  47  5:15  SCV x2  
  47  5:16  Missile Turret  
  47  5:18  Missile Turret  
  47  5:19  Missile Turret, SCV  
  50  5:22  Refinery  
  50  5:27  SCV x2  
  52  5:30  Missile Turret  
  52  5:31  SCV  
  53  5:38  Sensor Tower  
  53  5:40  Starport Tech Lab  
  53  5:41  Starport Tech Lab  
  53  5:45  Hi-Sec Auto Tracking  
  53  5:46  Supply Depot  
  53  5:47  Supply Depot  
  53  5:49  Supply Depot, SCV x2  
  55  5:59  Banshee  
  58  6:07  Banshee x2  
  62  6:16  Starport x2, Siege Tank  
  62  6:17  SCV  
  62  6:18  SCV x2  
  68  6:20  Orbital Command  
  68  6:23  Missile Turret  
  68  6:26  Refinery x2  
  68  6:29  SCV  
  68  6:30  SCV x2  
  71  6:41  Factory  
  71  6:42  Banshee, SCV x3  
  71  6:43  Armory  
  71  6:46  Armory  
  77  6:47  Supply Depot x2  
  77  6:49  Banshee  
  77  6:50  Banshee  
  77  6:54  SCV  
  84  6:59  Starport Tech Lab x2  
  84  7:01  Weapon Refit  
  84  7:05  SCV x3  
  84  7:06  SCV  
  88  7:17  SCV x2  
  88  7:19  Refinery  
  88  7:21  Siege Tank  
  88  7:22  Refinery  
  93  7:24  Banshee  
  93  7:26  Armory  
  93  7:28  Banshee  
  93  7:29  Banshee  
  102  7:32  Banshee x2  
  102  7:34  SCV x2  
  110  7:38  Factory Tech Lab  
  110  7:45  Command Center  
  110  8:02  Siege Tank x2  
  116  8:13  Terran Vehicle And Ship Armor Level 1  
  116  8:14  Banshee x3  
  116  8:15  Banshee x2  
  131  8:20  Missile Turret  
  131  8:24  Missile Turret  
  131  8:26  SCV  
  132  8:28  Refinery  
  132  8:30  Refinery  
  132  8:32  Terran Ship Weapons Level 1  
  132  8:43  SCV, Siege Tank x2  
  132  8:46  Missile Turret  
  139  8:52  Missile Turret  
  139  8:55  Missile Turret  
  139  8:57  Banshee x3, Missile Turret  
  139  8:58  Banshee  
  139  9:01  Missile Turret  
  139  9:02  Missile Turret x2  
  151  9:11  Orbital Command, SCV x3  
  151  9:14  Missile Turret  
  154  9:18  Factory  
  154  9:23  Missile Turret  
  154  9:26  SCV  
  155  9:35  Command Center  
  155  9:37  Command Center  
  155  9:39  Cloaking Field  
  155  9:44  Missile Turret  
  155  9:58  Siege Tank  
  155  10:02  SCV  
  155  10:03  Siege Tank  
  129  10:17  Banshee  
  129  10:18  Banshee x4  
  141  10:26  Terran Vehicle Weapons Level 1  
  129  10:47  Missile Turret x2  
  129  10:50  Missile Turret  
  129  10:51  Missile Turret  
  129  10:52  Fusion Core  
  129  11:02  Missile Turret  
  129  11:04  Missile Turret  
  129  11:10  Missile Turret  
  129  11:12  Missile Turret  
  129  11:14  Missile Turret  
  129  11:16  Missile Turret  
  123  11:29  Missile Turret, Battlecruiser x2  
  123  11:30  Battlecruiser x2  
  123  11:31  Battlecruiser  
  111  11:50  Terran Vehicle And Ship Armor Level 2, Terran Ship Weapons Level 2  
  111  11:52  SCV x2  
  111  11:53  SCV x3  
  105  11:56  Neosteel Armor  
  105  12:04  SCV x2  
  105  12:05  SCV x3, Factory Tech Lab  
  110  12:16  SCV  
  110  12:17  SCV x3  
  114  12:28  Rapid Reignition System  
  114  12:33  Battlecruiser  
  114  12:34  SCV x4, Battlecruiser x3  
  114  12:35  SCV, Battlecruiser  
  149  12:39  Orbital Command x2  
  149  12:44  Starport  
  149  12:45  Starport  
  149  12:46  SCV x3  
  149  12:47  SCV x2  
  154  12:58  SCV x3  
  156  12:59  SCV x2  
  156  13:05  Supply Depot  
  159  13:10  SCV x3  
  159  13:11  Missile Turret  
  159  13:12  Missile Turret  
  162  13:15  Missile Turret  
  162  13:17  Missile Turret, SCV x2  
  162  13:18  Missile Turret  
  164  13:21  Starport Tech Lab x2  
  164  13:22  SCV  
  164  13:24  Advanced Ballistics  
  165  13:33  Terran Vehicle Weapons Level 2  
  165  13:34  SCV  
  165  13:36  Starport  
  165  13:37  Starport  
  165  13:39  Missile Turret x2  
  166  13:42  Missile Turret  
  166  13:47  Missile Turret, SCV  
  167  13:49  Missile Turret  
  167  14:01  Missile Turret  
  167  14:02  Missile Turret  
  167  14:03  Missile Turret x2, Battlecruiser x4  
  167  14:05  Missile Turret  
  191  14:10  Missile Turret  
  191  14:12  Missile Turret  
  191  14:15  Starport Tech Lab  
  191  14:20  Supply Depot  
  191  14:21  Starport Tech Lab  
  191  14:24  Missile Turret  
  191  14:25  Missile Turret  
  191  14:32  Missile Turret  
  191  14:36  Missile Turret  
  191  14:44  Missile Turret  
  191  14:48  Missile Turret  
  191  14:50  Battlecruiser  
  197  14:52  Missile Turret  
  191  15:01  Missile Turret  
  191  15:06  Sensor Tower  
  191  15:11  Battlecruiser x3  
  191  15:12  Battlecruiser  
  197  15:15  Terran Ship Weapons Level 3, Terran Vehicle And Ship Armor Level 3  
  197  15:43  Missile Turret  
  188  16:03  Missile Turret  
  180  16:05  Missile Turret x2  
  180  16:07  Missile Turret  
  180  16:09  Missile Turret  
  163  16:12  Battlecruiser x2  
  163  16:13  Battlecruiser x3  
  163  16:15  Battlecruiser  
  199  16:27  Missile Turret  
  199  16:30  Missile Turret  
  198  16:39  Missile Turret  
  198  16:43  Missile Turret  
  198  16:50  Terran Vehicle Weapons Level 3  
  198  16:56  Missile Turret  
  198  16:58  Missile Turret  
  198  17:03  Missile Turret  
  198  17:06  Missile Turret  
  183  17:21  Battlecruiser x4  
  135  17:48  Battlecruiser  
  141  18:14  Missile Turret  
  141  18:19  Battlecruiser x3  
  159  18:20  Battlecruiser  
  159  18:25  Battlecruiser  
  171  18:34  Missile Turret  
  171  18:47  Battlecruiser x3  
  189  18:52  Battlecruiser  
  195  18:56  Missile Turret  
  195  19:16  Missile Turret  
  195  19:23  Battlecruiser  
  153  19:33  Battlecruiser x3  
  153  19:36  Sensor Tower  
  171  19:49  Battlecruiser  
  171  19:51  Battlecruiser x2  
  188  20:23  Battlecruiser  
  188  20:36  Battlecruiser  
  194  21:34  Battlecruiser  
  134  22:17  Battlecruiser x5  
  134  22:26  Battlecruiser x2  
  98  22:45  Battlecruiser  
  104  23:06  Battlecruiser  
  110  23:21  Battlecruiser, Siege Tank x2  
  110  23:22  Siege Tank  
  113  23:53  Siege Tank  
  113  23:54  Siege Tank x2  
  98  24:11  Battlecruiser  
  98  24:25  Siege Tank  
  98  24:26  Siege Tank x2  
  107  24:58  Battlecruiser  
  104  25:48  Siege Tank  
  104  25:49  Siege Tank x2  
  107  26:04  Infernal Pre-Igniter  
  80  26:42  Siege Tank x2  
  54  26:55  Siege Tank  
  24  27:50  Command Center  
  18  27:53  Command Center  
    33:10  Orbital Command  
    33:36  SCV  
  1  33:48  SCV  
  2  33:57  Command Center  
  3  34:04  Command Center  
  3  35:20  Command Center  
  1  35:36  Command Center  
  1  35:53  Command Center  
Show
View Real Time Build Order
Export as new Build Order

Alebay Protoss - Winner!

Build Orders: 1 Gate Expand 

Get SALT Encoding   

  12  0:00  Probe  
  13  0:12  Probe  
  14  0:19  Pylon  
  14  0:24  Probe  
  15  0:37  Probe  
  15  0:40  Gateway  
  16  0:49  Assimilator, Probe  
  17  1:01  Probe  
  18  1:13  Probe  
  20  1:25  Probe  
  20  1:35  Nexus  
  20  1:37  Probe  
  21  1:44  Assimilator  
  21  1:49  Probe  
  21  1:50  Pylon  
  22  1:59  Cybernetics Core  
  22  2:02  Probe  
  23  2:15  Probe  
  24  2:24  Pylon  
  25  2:30  Probe  
  25  2:37  Robotics Facility  
  25  2:42  Probe  
  26  2:46  Warp Gate (Chrono Boost)  
  26  2:48  Probe  
  27  2:53  Adept  
  27  2:57  Probe  
  30  3:00  Probe  
  30  3:02  Forge  
  31  3:10  Probe  
  32  3:13  Probe  
  33  3:23  Probe  
  33  3:25  Immortal, Probe  
  33  3:26  Stalker  
  41  3:31  Protoss Ground Weapons Level 1 (Chrono Boost)  
  41  3:35  Probe  
  41  3:37  Probe  
  43  3:45  Gateway  
  43  3:48  Probe  
  44  3:49  Probe  
  45  4:00  Assimilator  
  45  4:04  Pylon  
  45  4:05  Probe x2  
  47  4:12  Gateway  
  47  4:17  Probe x2  
  47  4:20  Pylon  
  49  4:25  Photon Cannon  
  49  4:32  Photon Cannon  
  49  4:34  Photon Cannon  
  49  4:36  Stalker  
  51  4:44  Gateway  
  51  4:46  Gateway, Stalker  
  51  4:49  Observer  
  51  4:50  Probe x2  
  56  4:55  Assimilator  
  56  5:02  Photon Cannon  
  56  5:04  Stalker  
  58  5:19  Probe x2  
  60  5:27  Stalker x3  
  66  5:49  Stalker  
  68  5:50  Stalker  
  68  5:54  Pylon  
  68  5:55  Pylon  
  68  5:57  Pylon  
  70  6:00  Pylon  
  70  6:01  Pylon  
  70  6:18  Protoss Ground Armor Level 1 (Chrono Boost)  
  70  6:20  Twilight Council  
  70  6:21  Stalker x5  
  80  6:27  Immortal  
  84  6:51  Photon Cannon  
  84  6:54  Shield Battery, Blink (Chrono Boost)  
  84  7:01  Stalker x2  
  84  7:02  Stalker x2  
  91  7:27  Nexus  
  91  7:29  Pylon  
  89  7:31  Pylon  
  89  7:35  Photon Cannon  
  89  7:43  Pylon, Stalker x4  
  97  7:53  Probe x2  
  99  8:05  Probe  
  99  8:06  Probe  
  101  8:33  Stalker x3  
  101  8:34  Stalker x2  
  111  8:54  Gateway  
  111  8:57  Gateway  
  111  8:59  Pylon  
  111  9:02  Stalker  
  113  9:03  Protoss Ground Weapons Level 2 (Chrono Boost), Stalker  
  113  9:04  Stalker x2  
  119  9:10  Probe x3  
  119  9:13  Photon Cannon  
  119  9:16  Photon Cannon  
  122  9:22  Probe x3  
  125  9:46  Zealot, Stalker  
  125  9:47  Stalker x3  
  131  10:08  Nexus  
  131  10:25  Pylon  
  131  10:27  Pylon  
  131  10:28  Pylon  
  131  10:31  Probe x3  
  134  10:39  Pylon  
  134  10:40  Pylon  
  134  10:42  Pylon  
  134  10:43  Pylon, Probe x2  
  134  10:44  Probe  
  137  10:50  Assimilator  
  137  10:55  Assimilator, Probe  
  137  10:56  Probe x2  
  140  10:58  Stalker x3  
  140  10:59  Stalker x2  
  140  11:01  Stalker x2  
  154  11:08  Probe  
  155  11:13  Protoss Ground Armor Level 2 (Chrono Boost)  
  81  12:02  Stalker x5  
  81  12:03  Stalker x2  
  95  12:10  Gateway  
  95  12:13  Gateway x2  
  95  12:15  Gateway, Probe x4  
  99  12:16  Gateway  
  99  12:18  Gateway  
  99  12:27  Probe x4  
  103  12:33  Nexus  
  103  12:35  Pylon  
  103  12:37  Pylon  
  103  12:39  Pylon, Stalker x5  
  103  12:40  Stalker x2  
  117  13:23  Protoss Ground Weapons Level 3 (Chrono Boost)  
  107  13:34  Stalker x2  
  107  13:35  Stalker x4  
  107  13:36  Stalker  
  85  14:16  Stalker  
  85  14:17  Stalker x5  
  77  14:18  Stalker x4  
  93  14:26  Gateway x2  
  93  14:28  Gateway  
  93  14:29  Probe x4  
  93  14:30  Gateway  
  97  14:32  Gateway  
  97  14:35  Assimilator  
  97  14:38  Assimilator  
  97  14:39  Assimilator  
  97  14:40  Stalker x2  
  97  14:41  Stalker x6, Probe x4  
  97  14:43  Assimilator  
  116  15:16  Stalker  
  116  15:17  Stalker x6  
  116  15:18  Stalker x3  
  136  15:27  Stalker  
  136  15:28  Stalker x6  
  150  16:01  Protoss Ground Armor Level 3 (Chrono Boost)  
  126  16:15  Stalker x3  
  98  17:03  Stalker x5  
  98  17:04  Stalker x5  
  98  17:05  Stalker x4  
  98  17:06  Stalker x3  
  88  17:38  Stalker x2  
  88  17:39  Stalker x7  
  88  17:40  Stalker x6  
  88  17:41  Stalker x3  
  116  17:53  Probe x2  
  118  18:04  Stalker x5  
  118  18:05  Stalker x6  
  138  18:06  Stalker x3  
  138  18:07  Stalker  
  148  18:13  Probe x4  
  152  18:25  Probe x2  
  154  18:37  Stalker x4  
  154  18:38  Stalker x6, Protoss Shields Level 1 (Chrono Boost)  
  154  18:39  Stalker x3  
  154  18:40  Stalker x3  
  186  18:54  Stalker x2  
  156  19:42  Stalker  
  156  19:43  Stalker x6  
  156  19:44  Stalker x6  
  156  19:45  Stalker x3  
  156  20:41  Stalker x6  
  156  20:42  Stalker x4  
  170  20:43  Stalker x3  
  170  20:49  Stalker x4  
  186  21:00  Protoss Shields Level 2 (Chrono Boost)  
  186  21:08  Stalker  
  186  21:09  Stalker x5  
  198  21:20  Stalker  
  164  22:22  Stalker x5  
  142  22:23  Stalker x5  
  142  22:24  Stalker x4  
  142  22:25  Stalker x2  
  118  22:59  Stalker x2  
  118  23:00  Stalker x6  
  118  23:01  Stalker  
  136  23:22  Stalker x2  
  136  23:23  Stalker x6  
  136  23:24  Stalker  
  140  23:51  Stalker x3  
  140  23:52  Stalker x5  
  140  23:53  Stalker x4  
  140  23:54  Stalker  
  122  24:16  Stalker x4  
  122  24:17  Stalker  
  124  24:54  Stalker x2  
  124  24:55  Stalker x5  
  124  24:56  Stalker  
  140  25:19  Stalker x4  
  142  25:49  Stalker x4  
  150  25:50  Stalker x2  
  150  26:50  Stalker x4  
  150  26:51  Stalker x5  
  142  27:38  Stalker x6  
  142  27:39  Stalker  
  156  28:29  Nexus  
  156  28:42  Pylon  
  156  28:45  Pylon  
  156  29:28  Nexus  
  156  30:06  Assimilator  
  156  30:11  Assimilator  
  156  31:12  Assimilator  
  156  31:17  Assimilator  
  156  32:01  Stalker x3  
  156  32:02  Stalker x8  
  156  32:03  Stalker x2  
  182  32:13  Nexus  
  140  32:41  Nexus  
  140  32:43  Stalker x6  
  140  32:44  Stalker x5  
  162  33:10  Stalker  
  162  33:11  Stalker x6  
  162  33:12  Stalker x3  
  182  33:55  Assimilator  
  182  34:00  Assimilator  
  182  34:02  Stalker x5  
  190  34:03  Stalker x4  
  200  36:35  Twilight Council  
  200  37:08  Protoss Shields Level 3 (Chrono Boost)  
  200  37:33  Stargate  
  200  37:35  Stargate  
  200  37:36  Photon Cannon  
  200  37:37  Photon Cannon, Stargate  
  200  37:38  Photon Cannon  
  200  37:39  Photon Cannon x2  
  200  37:41  Photon Cannon  
  200  37:43  Photon Cannon  
  200  37:44  Photon Cannon  
  200  37:45  Photon Cannon  
  200  37:47  Photon Cannon x2  
  200  37:48  Photon Cannon  
  200  37:50  Photon Cannon x2  
  200  37:51  Photon Cannon  
  200  37:52  Photon Cannon  
  200  37:56  Photon Cannon  
  200  38:03  Photon Cannon x2  
  200  38:04  Photon Cannon  
  200  38:07  Photon Cannon  
  200  38:08  Photon Cannon  
  200  38:10  Photon Cannon  
  200  38:11  Photon Cannon x2  
  200  38:12  Photon Cannon  
  200  38:13  Photon Cannon  
  200  38:15  Photon Cannon  
  200  38:17  Photon Cannon  
  200  38:18  Photon Cannon x2  
  194  38:36  Fleet Beacon  
  198  38:59  Void Ray (Chrono Boost)  
Show
View Real Time Build Order
Export as new Build Order

MattBarry Terran - Winner!

Build Orders: Reaper Expand 

Get SALT Encoding   

  12  0:00  SCV  
  13  0:12  SCV  
  14  0:17  Supply Depot  
  14  0:24  SCV  
  15  0:39  SCV  
  15  0:40  Barracks  
  16  0:45  Refinery  
  16  0:51  SCV  
  17  1:08  SCV  
  18  1:26  Orbital Command  
  18  1:31  Supply Depot, Reaper  
  19  1:52  SCV  
  20  1:58  Command Center  
  20  2:03  Reaper  
  20  2:04  SCV  
  22  2:20  SCV  
  23  2:23  Refinery  
  23  2:28  Factory  
  23  2:32  SCV  
  24  2:57  SCV  
  25  3:29  SCV  
  25  3:30  Widow Mine, Marine  
  27  3:34  Starport  
  27  3:41  Orbital Command  
  27  3:44  SCV  
  28  3:50  Barracks Tech Lab  
  28  3:52  Factory Reactor  
  28  3:55  Engineering Bay  
  28  3:56  SCV  
  28  3:58  Orbital Command  
  29  4:08  SCV  
  30  4:12  Starport Reactor  
  30  4:15  Starport Tech Lab  
  30  4:17  Factory  
  30  4:18  Marine  
  30  4:20  SCV  
  32  4:25  SCV  
  33  4:33  SCV  
  33  4:37  Missile Turret  
  33  4:38  SCV  
  35  4:41  Missile Turret  
  35  4:43  Hellion x2  
  35  4:45  SCV  
  40  4:47  Raven  
  40  4:50  SCV  
  43  4:57  SCV  
  43  4:58  Supply Depot  
  44  5:02  SCV  
  45  5:09  SCV  
  45  5:10  Hellion x2  
  45  5:11  Supply Depot  
  48  5:14  SCV  
  48  5:20  Viking  
  49  5:30  SCV x2  
  46  6:02  SCV x2  
  48  6:05  Refinery  
  48  6:07  Refinery  
  48  6:14  SCV x2  
  48  6:15  Hellion, Siege Tank  
  48  6:16  Hellion  
  48  6:17  Liberator  
  60  6:25  Supply Depot  
  60  6:26  SCV x2  
  62  6:33  Armory  
  62  6:38  Infernal Pre-Igniter, SCV x2  
  64  6:53  SCV  
  64  6:54  SCV  
  66  7:05  SCV  
  66  7:06  Widow Mine x2, SCV, Siege Tank  
  75  7:13  Supply Depot  
  75  7:17  Supply Depot  
  75  7:19  Liberator  
  78  7:23  Terran Vehicle Weapons Level 1  
  78  7:36  Supply Depot  
  78  7:41  Widow Mine  
  78  7:42  Widow Mine  
  82  8:00  Command Center  
  82  8:01  SCV x2  
  82  8:05  Viking  
  86  8:10  Command Center  
  84  8:13  SCV x2  
  81  9:13  Supply Depot x2, SCV x2  
  81  9:14  Supply Depot, Orbital Command  
  83  9:22  Orbital Command  
  83  9:25  SCV x2  
  85  9:39  SCV x3  
  85  9:43  Viking  
  85  9:45  Siege Tank, Hellion x2  
  97  9:51  SCV x3  
  90  10:17  Thor  
  96  10:25  Widow Mine x2  
  100  10:29  Command Center  
  100  10:33  Factory  
  100  10:34  Factory  
  100  10:49  SCV x3  
  103  11:00  Thor  
  103  11:01  SCV x3  
  112  11:04  Refinery  
  112  11:05  Refinery  
  112  11:09  Widow Mine x2  
  114  11:18  Factory Tech Lab  
  114  11:19  Factory Tech Lab  
  114  11:23  Terran Vehicle Weapons Level 2  
  114  11:28  Armory  
  114  11:48  Thor x3  
  132  12:04  Widow Mine x2  
  132  12:06  Supply Depot  
  132  12:07  Supply Depot  
  136  12:08  SCV x2  
  136  12:09  SCV  
  136  12:15  Orbital Command  
  139  12:20  SCV  
  139  12:21  SCV  
  141  12:25  Missile Turret  
  141  12:26  Missile Turret  
  141  12:27  Missile Turret  
  141  12:39  Thor  
  141  12:43  SCV x4  
  151  12:55  SCV, Terran Vehicle And Ship Armor Level 1  
  152  12:58  Thor x2  
  152  13:04  SCV x2  
  161  13:32  Thor  
  167  13:41  Thor  
  169  13:56  Thor  
  168  14:16  SCV x2  
  168  14:17  SCV x2  
  172  14:25  Supply Depot x3  
  172  14:27  Thor x2  
  172  14:28  SCV  
  172  14:29  SCV x2  
  187  14:46  Thor  
  187  14:47  Terran Vehicle Weapons Level 3  
  187  14:50  Terran Vehicle And Ship Armor Level 2  
  190  15:24  Thor  
  196  15:31  Thor  
  200  15:49  Refinery  
  200  15:51  Refinery  
  126  17:22  Thor  
  126  17:23  Thor x2  
  126  17:48  Factory  
  126  17:50  Factory  
  126  17:52  Factory  
  126  17:59  Terran Ship Weapons Level 1, Terran Vehicle And Ship Armor Level 3  
  126  18:05  Thor  
  126  18:08  Thor x2  
  144  18:34  Factory Tech Lab  
  144  18:35  Factory Tech Lab x2  
  144  18:48  Thor  
  144  18:51  Thor x2  
  144  18:53  Thor x2  
  144  18:54  Thor  
  174  19:35  Thor x3  
  174  19:36  Thor  
  198  20:09  Terran Ship Weapons Level 2  
  141  22:21  Thor x6  
  177  23:03  Thor  
  177  23:04  Thor x2  
  195  23:09  Terran Ship Weapons Level 3  
  184  24:07  Thor x4  
  184  24:08  Thor  
  182  24:21  Thor  
  176  24:50  Thor x4  
  196  25:07  Thor  
  196  25:11  Thor  
  183  25:33  Thor x2  
  165  26:48  Thor x4  
  165  26:49  Thor  
  189  27:54  Thor  
  195  28:02  Thor  
  198  28:07  Thor  
  104  32:41  Thor  
  104  32:42  Thor x3  
  86  35:45  Orbital Command  
  32  39:01  Supply Depot  
  32  39:06  Supply Depot  
  32  39:08  Supply Depot  
  32  39:30  Command Center  
  32  39:32  Command Center  
  32  39:36  Command Center  
  32  39:47  Supply Depot  
  28  40:37  Supply Depot  
  28  40:38  Supply Depot  
  28  40:40  Supply Depot  
  28  40:41  Supply Depot  
  28  40:42  Supply Depot x2  
  27  40:45  Supply Depot  
  27  40:47  Supply Depot  
Show
View Real Time Build Order
Export as new Build Order

MattBarry Zerg - Winner!

Build Orders: Hatch First 

Get SALT Encoding   

  12  0:02  Drone  
  13  0:08  Drone  
  14  0:24  Extractor  
  14  0:25  Drone  
  14  0:26  Drone, Extractor  
  16  1:01  Hatchery, Overlord  
  15  1:10  Overlord  
  15  1:14  Spawning Pool  
  14  1:24  Drone  
  15  1:47  Overlord  
  15  1:49  Drone  
  15  1:50  Hatchery  
  15  1:56  Extractor, Drone  
  15  2:10  Drone  
  16  2:16  Queen  
  16  2:21  Drone x2  
  20  2:29  Zergling x2  
  21  2:40  Drone  
  21  2:43  Queen  
  24  2:46  Drone x2  
  26  3:00  Metabolic Boost  
  26  3:04  Queen  
  28  3:07  Drone  
  28  3:12  Extractor  
  28  3:22  Extractor  
  28  3:23  Extractor  
  28  3:25  Drone x2  
  28  3:26  Drone  
  29  3:29  Extractor  
  29  3:30  Extractor  
  26  4:05  Spore Crawler  
  26  4:09  Spore Crawler  
  24  4:12  Spore Crawler  
  24  4:14  Drone x4  
  24  4:15  Drone x4  
  31  4:27  Lair  
  31  4:35  Drone  
  31  4:36  Drone  
  35  4:54  Drone  
  35  4:56  Drone  
  35  4:58  Drone x3  
  35  4:59  Drone  
  39  5:01  Drone  
  40  5:19  Queen  
  42  5:25  Queen  
  42  5:27  Drone  
  42  5:28  Drone x3  
  48  5:29  Drone  
  50  5:35  Zergling x2  
  50  5:36  Overlord  
  50  5:55  Queen  
  52  5:57  Queen  
  52  6:01  Queen  
  54  6:20  Drone x4, Overlord  
  54  6:21  Overlord  
  54  6:25  Spire  
  57  6:29  Infestation Pit  
  56  6:38  Roach Warren  
  56  6:39  Drone x2  
  58  6:40  Drone x2  
  59  6:51  Overlord x2  
  59  6:52  Overlord  
  59  6:56  Zergling x4  
  61  7:18  Hive  
  61  7:20  Glial Reconstitution, Pathogen Glands  
  61  7:22  Roach x4  
  69  7:23  Roach  
  69  7:26  Infestor  
  69  7:29  Overseer  
  73  7:52  Mutalisk x8  
  86  8:19  Overlord x2  
  86  8:20  Overlord x3  
  86  8:27  Overlord  
  78  8:45  Mutalisk x2  
  78  8:46  Mutalisk x5  
  90  8:58  Mutalisk  
  82  9:23  Drone x3  
  82  9:24  Mutalisk, Drone x4  
  87  9:25  Mutalisk x3  
  97  9:35  Pneumatized Carapace  
  97  9:46  Mutalisk  
  97  9:47  Mutalisk  
  93  10:15  Mutalisk x5  
  103  10:34  Zerg Flyer Weapons Level 1  
  103  10:39  Mutalisk, Spire  
  104  11:02  Zergling x24  
  104  11:03  Zergling x12  
  122  11:06  Overlord x3  
  118  11:30  Mutalisk x6  
  118  11:31  Mutalisk x2  
  132  11:45  Mutalisk  
  132  11:46  Mutalisk x2  
  133  11:52  Overlord x3  
  102  12:18  Mutalisk x4  
  102  12:19  Mutalisk  
  100  12:40  Infestor x2  
  100  12:42  Overseer  
  100  12:43  Overseer  
  104  12:58  Zerg Flyer Weapons Level 2  
  104  13:02  Zerg Flyer Armor Level 1  
  104  13:10  Mutalisk  
  106  13:23  Mutalisk  
  106  13:24  Mutalisk  
  96  14:06  Corruptor x2  
  96  14:07  Corruptor x5  
  96  14:09  Corruptor  
  110  14:17  Corruptor  
  100  14:57  Corruptor x6  
  100  14:58  Hydralisk Den  
  111  15:00  Hatchery  
  110  15:30  Corruptor  
  112  15:36  Zerg Flyer Armor Level 2  
  108  16:11  Greater Spire  
  108  16:15  Corruptor  
  108  16:16  Corruptor x6  
  120  16:51  Corruptor x3  
  120  16:52  Corruptor x2  
  110  17:24  Corruptor x5  
  110  17:38  Corruptor x2  
  112  17:53  Grooved Spines  
  112  17:59  Extractor x2  
  110  18:07  Zergling x2  
  110  18:08  Zergling x56  
  110  18:09  Zergling x4  
  139  18:47  Corruptor  
  139  18:48  Corruptor x4  
  140  18:50  Corruptor  
  120  19:35  Hydralisk  
  120  19:36  Hydralisk x3  
  120  19:37  Hydralisk x3  
  112  19:42  Hydralisk  
  110  20:21  Corruptor x5  
  102  21:12  Hydralisk  
  102  21:13  Hydralisk x13  
  130  21:44  Overlord x3  
  130  21:45  Overlord  
  130  22:09  Corruptor  
  130  22:10  Corruptor x5  
  100  22:24  Hydralisk x3  
  90  22:41  Hydralisk x4  
  98  22:55  Zergling x2  
  98  22:56  Zergling x16  
  92  23:53  Hydralisk x3  
  92  23:54  Hydralisk x7  
  87  23:58  Zergling x22  
  87  23:59  Zergling x6  
  80  25:41  Corruptor  
  80  25:42  Corruptor x5  
  91  26:18  Zergling x2  
  91  26:19  Zergling x30  
  91  26:20  Zergling x20  
  91  26:24  Zergling x2  
  91  26:25  Zergling x26  
  109  28:05  Zergling x2  
  106  28:06  Zergling x44  
  122  28:30  Corruptor x9  
  140  32:02  Corruptor  
  140  32:03  Corruptor x10  
  162  33:04  Mutalisk  
  162  33:05  Mutalisk x3  
  115  38:21  Mutalisk  
  115  38:22  Mutalisk  
Tags
 
Add a new tag
Caveats
  • Supply blocks, unpowered buildings, or Contaminate may cause inaccurate times.
  • Supply counts are checked every 10 seconds.